 Dungeon Crawl Stone Soup version 0.26-b1-32-g5d43845318 (webtiles) character file.

Game seed: 10876959150493504025

113 jmlagarto the Chopper (level 4, -3/40 HPs)
             Began as a Hill Orc Fighter on Jan 11, 2021.
             Was an Initiate of Nemelex Xobeh.
             Slain by a big kobold
             ... wielding the cursed +0 short sword of Quak {distort, *Rage rElec rPois Dex+7}
              (9 damage)
             ... on level 3 of the Dungeon.
             The game lasted 00:08:26 (2315 turns).

jmlagarto the Chopper (Hill Orc Fighter)            Turns: 2315, Time: 00:08:26

Health: -3/40      AC:  9    Str: 19    XL:     4   Next: 96%
Magic:  4/4        EV: 11    Int:  8    God:    Nemelex Xobeh [......]
Gold:   173        SH:  9    Dex: 10    Spells: 3/3 levels left

rFire    x . .     SeeInvis .   a - +0 war axe
rCold    + . .     Faith    .   c - +0 kite shield
rNeg     . . .     Spirit   .   b - +0 scale mail
rPois    .         Reflect  .   j - +0 helmet
rElec    .         Harm     .   (no cloak)
rCorr    .         Rampage  .   u - +0 pair of gloves
Will     .....                  (no boots)
Stlth    ..........             (no amulet)
HPRegen  0.13/turn              e - +4 ring of evasion
MPRegen  0.09/turn              m - ring of ice

@: mighty
A: no striking features
a: Renounce Religion, Draw Escape, Draw Destruction, Draw Summoning


You were on level 3 of the Dungeon.
You worshipped Nemelex Xobeh.
Nemelex Xobeh was noncommittal.
You visited 1 branch of the dungeon, and saw 3 of its levels.

You collected 173 gold pieces.

Inventory:

Hand Weapons
 a - a +0 war axe (weapon)
Missiles
 x - 4 boomerangs (quivered)
Armour
 b - a +0 scale mail (worn)
 c - a +0 kite shield (worn)
 j - a +0 helmet (worn)
 u - a +0 pair of gloves (worn)
Jewellery
 e - a +4 ring of evasion (left hand)
 m - a ring of ice (right hand)
Scrolls
 d - 2 scrolls of identify {unknown}
 g - 2 scrolls of noise {unknown}
 h - 2 scrolls of enchant armour {unknown}
 i - 3 scrolls of teleportation {unknown}
 l - a scroll of remove curse {unknown}
 n - 2 scrolls of amnesia {unknown}
 q - 2 scrolls of immolation {unknown}
Potions
 k - a potion of degeneration {unknown}
 o - 3 potions of curing {unknown}
 p - 3 potions of lignification {unknown}
 r - a potion of cancellation {unknown}
 t - a potion of attraction {unknown}
 v - 3 potions of mutation {unknown}
 w - a potion of flight {unknown}


   Skills:
 + Level 4.1 Fighting
 + Level 4.4 Axes
 + Level 4.0 Armour
 + Level 0.2 Dodging
 + Level 0.1 Stealth
 + Level 4.2 Shields


You had 3 spell levels left.
You didn't know any spells.
Your spell library was empty.

Dungeon Overview and Level Annotations

Branches:
Dungeon (3/15)

Altars:
Gozag
Hepliaklqana
Makhleb
Nemelex Xobeh
Trog
Yredelemnul

Portals:
Abyss: D:3

Annotations:
D:3 1 transporter, emiel's ghost, amateur NaFi


Message History

You closely miss the big kobold.
The big kobold is lightly wounded.
You block the big kobold's attack. x2
You can't go down here!
Okay, then.
Blink to where?
Press: ? - help, Dir - move target Really blink into that dispersal trap?
You enter a dispersal trap!
You blink.
As you read the scroll of blinking, it crumbles to dust.
The big kobold enters a dispersal trap!
You blink.
The big kobold blinks!
You feel very mighty all of a sudden.
The big kobold hits you but does no damage.
Space warps horribly around you!
* * * LOW HITPOINT WARNING * * *
You slice the big kobold!!
The big kobold is severely wounded.
The big kobold hits you with the cursed +0 short sword of Quak {distort, *Rage rElec rPois Dex+7}!
You die...
Your body disappears without a glow.

#####.#......#######..
#...............# #..
#.###...........####..
#.##.)###..###........
#.##.##.####©##(###...
#.#..#...# ...#####...
#.#..#?# ...#∩.W.#...
#...##K# ...#.#..##...
#..##@#####.####.#....
#..##^.##.##5...##....
#...##©##..#5$.##..#..
#....###..##W.(#...#..
##....©...###..#...#.#
##......##..# ###...#
#..##### ... #....
#.##.##..### ###...
#©#5.....#.## #.#)..


You could see a big kobold (berserk).

Vanquished Creatures
  Terence (D:1)
  3 adders
  A white imp (D:3)
  2 oozes
  A worm (D:2)
  A dart slug (D:2)
  2 leopard geckos (D:2)
  An orc (D:3)
  3 giant cockroaches
  6 goblins
  5 hobgoblins
  A quokka (D:3)
  7 bats
  A frilled lizard (D:2)
  A kobold (D:2)
  2 rats
38 creatures vanquished.

Notes
Turn   | Place    | Note
-------+----------+-------------------------------------------
     0 | D:1      | jmlagarto the Hill Orc Fighter began the quest for the Orb.
     0 | D:1      | Reached XP level 1. HP: 19/19 MP: 1/1
    99 | D:1      | Reached XP level 2. HP: 27/27 MP: 2/2
   747 | D:2      | Noticed Terence
   771 | D:2      | Reached XP level 3. HP: 7/33 MP: 3/3
   881 | D:1      | Killed Terence
  1161 | D:2      | Reached XP level 4. HP: 40/40 MP: 4/4
  1216 | D:2      | Found a sparkling altar of Nemelex Xobeh.
  1338 | D:2      | Found a bloodstained altar of Trog.
  1343 | D:2      | Found an opulent altar of Gozag.
  1359 | D:2      | Found a hazy altar of Hepliaklqana.
  1539 | D:2      | Became a worshipper of Nemelex Xobeh the Trickster
  1764 | D:3      | Found a one-way gate to the infinite horrors of the Abyss.
  1764 | D:3      | Noticed emiel's ghost (amateur NaFi)
  1778 | D:3      | Found a transporter.
  2109 | D:3      | Found a basalt altar of Yredelemnul.
  2125 | D:3      | Found a burning altar of Makhleb.
  2262 | D:3      | Identified the cursed +0 short sword of Quak {distort,
                  | *Rage rElec rPois Dex+7}
  2262 | D:3      | Noticed a big kobold
  2264 | D:3      | Found a transporter.
  2315 | D:3      | Slain by a big kobold

Illustrated notes

Levels and vault maps discovered:
D:1:      psy_arrival_radial01, layout_basic, dk_noncrumbling_3
D:2:      layout_rooms, minitemple, nemelex_xobeh_ov_fountains_minmay,
          uniq_terence
D:3:      layout_loops_ring, lemuel_round_altar, old_standard_altar,
          gammafunk_ghost_abyssal_escape, minmay_bisected

Skill      XL: |  1  2  3  4 |
---------------+-------------+-----
Axes           | 3 4 |  4.4
Fighting       | 4 |  4.1
Shields        | 4 |  4.2
Armour         | 4 |  4.0
Dodging        | |  0.2
Stealth        | |  0.1

Action                   |  1- 3 |  4- 6 || total
-------------------------+-------+-------++-------
Melee: War axe           |    66 |    77 ||   143
  Use: Potion            |     1 |     1 ||     2
       Scroll            |       |     1 ||     1
Armor: Scale mail        |    34 |    44 ||    78
Dodge: Dodged            |    30 |    50 ||    80
Block: Kite shield       |    35 |    59 ||    94
